 Dungeon Crawl Stone Soup version 0.29.1-12-g30fa7ad0bf (webtiles) character file.

Game seed: 15616527035903597948

81 hitthewallwitha the Slasher (level 4, 0/41 HPs)
             Began as a Minotaur Berserker on Dec 23, 2022.
             Was a Believer of Trog.
             Killed from afar by an orc wizard (6 damage)
             ... with a puff of flame
             ... on level 3 of the Dungeon.
             The game lasted 00:09:46 (2498 turns).

hitthewallwitha the Slasher (Minotaur Berserker)    Turns: 2498, Time: 00:09:46

Health: 0/41       AC:  5    Str: 23    XL:     4   Next: 19%
Magic:  3/3        EV: 12    Int:  4    God:    Trog [**....]
Gold:   151        SH:  0    Dex: 10    Spells: 3/3 levels left

rFire   . . .      SeeInvis .   a - +0 falchion
rCold   . . .      Faith    +   i - orb {*Rage}
rNeg    . . .      Spirit   .   o - +0 leather armour
rPois   .          Reflect  .   w - +1 hat
rElec   .          Harm     .   g - +0 cloak
rCorr   .          Rampage  .   (no gloves)
Will    .....      Rage     20% (no boots)
Stlth   +.........              r - amulet of faith
HPRegen 0.13/turn               (no ring)
MPRegen 0.08/turn               (no ring)

@: on berserk cooldown, slowed, very slow
A: horns 2, retaliatory headbutt
a: Renounce Religion, Berserk, Trog's Hand


You were on level 3 of the Dungeon.
You worshipped Trog.
Trog was pleased with you.
You visited 1 branch of the dungeon, and saw 3 of its levels.

You collected 151 gold pieces.

Inventory:

Hand Weapons
 a - a +0 falchion (weapon)
 v - a +0 falchion
Missiles
 d - 17 stones
 e - 6 javelins (quivered)
 l - 4 boomerangs
Armour
 b - a +0 animal skin
 f - a +0 robe
 g - a +0 cloak (worn)
 i - an orb of wrath (worn)
 o - a +0 leather armour (worn)
 s - a +0 robe
 t - a +0 robe
 w - a +1 hat (worn)
Jewellery
 r - an amulet of faith (around neck)
Scrolls
 c - 3 scrolls of identify
 p - a scroll of noise {unknown}
 q - a scroll of immolation {unknown}
 u - 2 scrolls of enchant weapon
 y - a scroll of teleportation {unknown}
Potions
 h - a potion of cancellation {unknown}
 j - 2 potions of flight
 k - 2 potions of brilliance
 m - a potion of magic {unknown}
 n - a potion of attraction {unknown}
 x - a potion of heal wounds {unknown}


   Skills:
 + Level 4.5 Fighting
 + Level 4.8 Long Blades
 + Level 2.7 Armour
 + Level 2.8 Dodging
 + Level 0.1 Stealth


You had 3 spell levels left.
You didn't know any spells.
Your spell library was empty.

Dungeon Overview and Level Annotations

Branches:
Dungeon (3/15)

Altars:
Nemelex Xobeh


Innate Abilities, Weirdness & Mutations

You have a pair of horns on your head.
You reflexively headbutt those who attack you in melee.


Message History

You barely miss the orc wizard. Your headbutt misses the orc wizard.
The orc wizard hits you but does no damage. x2
You hit the orc wizard but do no damage.
The orc wizard hits you with a +0 dagger.
You hit the orc wizard.
The orc wizard is lightly wounded.
The orc wizard hits you with a +0 dagger.
* * * LOW HITPOINT WARNING * * *
The orc wizard hits you with a +0 dagger.
* * * LOW HITPOINT WARNING * * *
You closely miss the orc wizard. Your headbutt misses the orc wizard.
The orc wizard is lightly wounded.
The orc wizard hits you with a +0 dagger.
* * * LOW HITPOINT WARNING * * *
The orc wizard gestures at you while chanting.
You are confused.
You bump into the rock wall.
The orc wizard closely misses you.
You miss the orc wizard.
The orc wizard is lightly wounded.
The orc wizard hits you with a +0 dagger.
* * * LOW HITPOINT WARNING * * *
The orc wizard closely misses you.
You barely miss the orc wizard.
The orc wizard is lightly wounded.
The orc wizard hits you but does no damage.
The orc wizard hits you with a +0 dagger.
* * * LOW HITPOINT WARNING * * *
Things that are here:
a +0 falchion; a +0 leather armour; a bat corpse You feel less confused.
The orc wizard hits you with a +0 dagger.
* * * LOW HITPOINT WARNING * * *
You see here a +0 falchion.
The orc wizard attacks as you move away!
The orc wizard closely misses you.
You barely miss the orc wizard.
The orc wizard is lightly wounded.
The orc wizard casts a spell at you. The puff of flame hits you.
You die...

######.###
##......
#......#
#...##.
#......#
###....
#......#
#######..
#......#
#........
#......###
........#
#.....)))##
.#########
########o.#....
#@....# #.....#
#........
###....## .####
.# ##


You could see an orc wizard.

Vanquished Creatures
  An orc priest (D:3)
  An adder (D:3)
  A worm (D:3)
  3 orcs (D:3)
  3 ball pythons
  4 bats
  3 endoplasms
  3 giant cockroaches (D:1)
  4 goblins
  2 jackals (D:1)
  2 quokkas (D:2)
  4 frilled lizards
  2 kobolds
  2 rats
35 creatures vanquished.

Vanquished Creatures (others)
  5 toadstools (D:1)
5 creatures vanquished.

Grand Total: 40 creatures vanquished

Notes
Turn   | Place    | Note
-------+----------+-------------------------------------------
     0 | D:1      | hitthewallwitha the Minotaur Berserker began the quest for
                  | the Orb.
     0 | D:1      | Reached XP level 1. HP: 19/19 MP: 0/0
   209 | D:1      | Found a faded altar of an unknown god.
   270 | D:1      | Reached XP level 2. HP: 24/27 MP: 1/1
   927 | D:2      | Found a sparkling altar of Nemelex Xobeh.
  1431 | D:2      | Reached ** piety under Trog
  2293 | D:3      | Reached XP level 3. HP: 33/33 MP: 2/2
  2476 | D:3      | Reached XP level 4. HP: 28/41 MP: 3/3
  2498 | D:3      | Killed from afar by an orc wizard

Illustrated notes

Levels and vault maps discovered:
D:1:      ldierk_walled_garden, layout_rooms,
          hellmonk_ecumenical_altar_heavens_door, grunt_decor_mini_mirrors
D:2:      layout_basic, basic_altar, patterned_corridor
D:3:      layout_rooms, gammafunk_ghost_gnarly_gnolls

Skill      XL: |  1  2 |
---------------+-------+-----
Fighting       | 4 |  4.5
Long Blades    | 4 |  4.8
Armour         | |  2.7
Dodging        | |  2.8
Stealth        | |  0.1

Action                   |  1- 3 |  4- 6 || total
-------------------------+-------+-------++-------
Melee: Falchion          |    68 |    13 ||    81
       Headbutt          |    13 |       ||    13
  Use: Scroll            |     3 |       ||     3
Armor: Animal skin       |    13 |       ||    13
       Leather armour    |     5 |     7 ||    12
Dodge: Dodged            |    48 |     6 ||    54
